 Dungeon Crawl Stone Soup version 0.16-a0-3474-g346b3f3 (webtiles) character file.

1460 Eucla the Chopper (level 8, -1/71 HPs)
             Began as a Minotaur Gladiator on Nov 20, 2015.
             Slain by a wight
             ... wielding a +1 halberd of freezing
              (4 damage)
             ... on level 6 of the Dungeon.
             The game lasted 00:05:09 (3931 turns).

Eucla the Chopper (Minotaur Gladiator)              Turns: 3931, Time: 00:05:09

Health: -1/71      AC:  4    Str: 20    XL:     8   Next: 48%
Magic:  12/12      EV: 14    Int:  5    God:
Gold:   120        SH:  0    Dex: 13    Spells: 0 memorised, 7 levels left

rFire  . . .     SeeInvis .     a - +0 war axe
rCold  . . .     Clarity  .     x - -3 leather armour "Wosugoun" {+Blink rPois} (curse)
rNeg   . . .     SustAb   .     (no shield)
rPois  +         Gourm    .     c - +0 hat
rElec  .         Spirit   .     s - +1 cloak
rCorr  .         Warding  .     (no gloves)
rMut   .         Stasis   .     r - +0 pair of boots
MR     .....                    (no amulet)
Stlth  +.........               (no ring)
                                h - ring of magical power

@: drained, not resistant to hostile enchantments, very unstealthy
A: retaliatory headbutt, horns 2
a: Evoke Blink


You were on level 6 of the Dungeon.
You were not hungry.

You visited 2 branches of the dungeon, and saw 7 of its levels.

You collected 253 gold pieces.
You spent 133 gold pieces at shops.

Inventory:

Hand weapons
 a - a +0 war axe (weapon)
Missiles
 d - 4 throwing nets (quivered)
Armour
 b - a +0 leather armour
 c - a +0 hat (worn)
 r - a +0 pair of boots (worn)
 s - a +1 cloak (worn)
 t - a +0 chain mail
 x - the cursed -3 leather armour "Wosugoun" (worn) {+Blink rPois}
   (You bought it in a shop on level 4 of the Dungeon)

   It protects you from poison.
   It lets you blink.
   It has a curse placed upon it.
 B - a +4 ring mail
Jewellery
 h - a ring of magical power (left hand)
 o - an uncursed ring of invisibility {unknown}
Magical devices
 y - a wand of cold (9)
 D - a wand of invisibility (5)
Scrolls
 i - 9 scrolls of identify {unknown}
 j - 2 scrolls of remove curse {unknown}
 p - 3 scrolls of teleportation {unknown}
 q - a scroll of enchant armour {unknown}
 u - a scroll of blinking {unknown}
 z - a scroll of immolation {unknown}
 C - a scroll of recharging {unknown}
 E - a scroll of amnesia {unknown}
 F - a scroll of enchant weapon {unknown}
Potions
 e - 2 potions of curing {unknown}
 g - a potion of restore abilities {unknown}
 l - a potion of brilliance {unknown}
 m - a potion of haste {unknown}
 n - 2 potions of might {unknown}
 v - 4 potions of heal wounds {unknown}
 A - a potion of invisibility {unknown}
Books
 w - a book of Alchemy

   Spells                             Type                      Level
   a - Sublimation of Blood           Necromancy                   2
   b - Alistair's Intoxication        Transmutation/Poison         4
   c - Condensation Shield            Ice                          4
   d - Petrify                        Transmutation/Earth          4
   e - Ignite Poison                  Fire/Transmutation           5
   f - Irradiate                      Conjuration/Transmutation    5
Comestibles
 f - 4 bread rations
 k - 5 meat rations


   Skills:
 + Level 6.3(5.9) Fighting
 + Level 7.9(7.5) Axes
 + Level 2.2(1.8) Throwing
 + Level 5.1(4.7) Armour
 + Level 6.5(6.1) Dodging
 + Level 1.3(0.9) Stealth


You had 7 spell levels left.
You didn't know any spells.

Dungeon Overview and Level Annotations

Branches:
Dungeon (6/15)             Temple (1/1) D:5

Altars:
Cheibriados
Dithmenos
Fedhas
Kikubaaqudgha
Makhleb
Nemelex Xobeh
Okawaru
Pakellas
Qazlal
Sif Muna
Trog
Vehumet
Xom
Yredelemnul
Zin
The Shining One

Shops:
D:4 [   D:5 ?*!!(


Innate Abilities, Weirdness & Mutations

You reflexively headbutt those who attack you in melee.
You have a pair of horns on your head.


Message History

The wight closely misses you. The wight misses you.
Unknown command.
You hit the wight.
The wight is moderately damaged.
You hit the wight but do no damage. The wight hits you with a short sword!
* * * LOW HITPOINT WARNING * * *
The wight closely misses you.
You are too injured to fight recklessly!
Unknown command.
You slash the wight!
You destroy the wight!
You completely miss the wight. The wight barely misses you.
The wight barely misses you.
You closely miss the wight.
The wight hits you from afar with a halberd of freezing!
* * * LOW HITPOINT WARNING * * *
You feel drained.
* * * LOW HITPOINT WARNING * * *
The wight freezes you.
You die...

.. ####.## .......
##zz......
####@).##.##
##.#..........
##.#........##
#..(#
##.............
.....
#.#.#.#......##
#...#
##...........#
#...#
##.#........#
#..>##
##.#.......# #....
#.##...#..####.#.#


You could see 2 wights.

Vanquished Creatures
  2 sky beasts
  An ice beast (D:6)
  A centaur (D:5)
  2 ogres
  Sigmund (D:3)
  The ghost of ARSOD the Stinger, a weakling FoVM (D:3)
  3 wights (D:6)
  A giant frog zombie (D:5)
  A crimson imp (D:5)
  2 hounds
  A jelly (D:5)
  4 orc wizards
  5 orc priests
  A giant frog skeleton (D:5)
  Natasha (thrice) (D:6)
  A worker ant (D:5)
  3 gnolls (D:3)
  4 adders
  6 worms
  An ooze (D:3)
  21 orcs
  5 ball pythons
  A bat zombie (D:6)
  2 giant cockroaches
  7 goblins
  8 hobgoblins
  9 jackals
  14 kobolds
  12 bats
  4 giant geckos
  4 giant newts
  A quokka (D:5)
  7 rats
139 creatures vanquished.

Notes
Turn   | Place    | Note
--------------------------------------------------------------
     0 | D:1      | Eucla, the Minotaur Gladiator, began the quest for the Orb.
     0 | D:1      | Reached XP level 1. HP: 18/18 MP: 1/1
   146 | D:1      | Reached XP level 2. HP: 16/25 MP: 1/1
   611 | D:1      | Reached skill level 4 in Axes
   893 | D:2      | Reached skill level 1 in Armour
   893 | D:2      | Reached XP level 3. HP: 30/30 MP: 2/2
  1265 | D:2      | Found an oddly glowing altar of Pakellas.
  1477 | D:3      | Reached XP level 4. HP: 28/37 MP: 2/2
  1580 | D:3      | Noticed Sigmund
  1596 | D:3      | Killed Sigmund
  1596 | D:3      | Reached skill level 5 in Axes
  1596 | D:3      | Reached XP level 5. HP: 16/45 MP: 2/2
  1784 | D:3      | Noticed ARSOD's ghost (weakling FoVM)
  1796 | D:3      | Killed ARSOD's ghost
  1856 | D:3      | Found a shadowy altar of Dithmenos.
  2084 | D:4      | Reached XP level 6. HP: 51/51 MP: 3/3
  2101 | D:4      | Found Kazac's Antique Armour Shop.
  2105 | D:4      | Bought a dazzling leather armour for 133 gold pieces
  2115 | D:4      | Identified the cursed -3 leather armour "Wosugoun" {+Blink rPois} (You bought it in a shop on level 4 of the Dungeon)
  2256 | D:4      | Found a blossoming altar of Fedhas.
  2419 | D:4      | Noticed an ogre
  2426 | D:4      | Killed an ogre
  2426 | D:4      | Reached skill level 6 in Axes
  2515 | D:5      | Entered Level 5 of the Dungeon
  2541 | D:5      | Found a deep blue altar of Sif Muna.
  2573 | D:5      | Reached XP level 7. HP: 60/60 MP: 3/3
  2590 | D:5      | Found Joyjeama's Magic Scroll Emporium.
  2704 | D:5      | Found a sparkling altar of Nemelex Xobeh.
  2729 | D:5      | Found Clirghash's Assorted Antiques.
  2763 | D:5      | Found a staircase to the Ecumenical Temple.
  2772 | Temple   | Entered the Ecumenical Temple
  2879 | D:5      | Reached skill level 5 in Dodging
  2902 | D:5      | Reached skill level 5 in Fighting
  3107 | D:5      | Found a burning altar of Makhleb.
  3111 | D:5      | Found Kuob's Antique Weapon Shoppe.
  3134 | D:5      | Found a radiant altar of Vehumet.
  3358 | D:5      | Found a glowing silver altar of Zin.
  3413 | D:5      | Found Zuoj Fuq's Distillery.
  3443 | D:5      | Reached skill level 7 in Axes
  3448 | D:5      | Found Petotiva's Distillery.
  3608 | D:5      | Reached skill level 1 in Stealth
  3608 | D:5      | Reached XP level 8. HP: 45/70 MP: 3/3
  3738 | D:6      | Noticed Natasha
  3742 | D:6      | Killed Natasha
  3801 | D:6      | Found a deep blue altar of Sif Muna.
  3811 | D:6      | Noticed Natasha
  3820 | D:6      | Killed Natasha
  3860 | D:6      | Noticed Natasha
  3865 | D:6      | Killed Natasha
  3900 | D:6      | Reached skill level 5 in Armour
  3931 | D:6      | HP: 3/71 [wight/halberd of freezing (4)]
  3931 | D:6      | Slain by a wight

Action                   |  1- 3 |  4- 6 |  7- 9 || total
-------------------------+-------+-------+-------++-------
Melee: War axe           |    86 |   109 |   141 ||   336
  Eat: Chunk             |     2 |     3 |     3 ||     8
       Royal jelly       |       |       |     1 ||     1
